 Dungeon Crawl Stone Soup version 0.23.2-33-g5129a83184 (webtiles) character file.

Game seed: 3296281787444925293

2671 MalarOregon the Ducker (level 9, 0/68 HPs)
             Began as a Merfolk Summoner on Aug 11, 2019.
             Was an Initiate of Gozag.
             Slain by a wight
             ... wielding a +2 flail of venom
              (4 damage)
             ... on level 8 of the Dungeon.
             The game lasted 00:42:46 (11762 turns).

MalarOregon the Ducker (Merfolk Summoner)          Turns: 11762, Time: 00:42:46

Health: 0/68       AC:  8    Str: 11    XL:     9   Next: 63%
Magic:  16/16      EV: 16    Int: 20    God:    Gozag
Gold:   770        SH: 10    Dex: 14    Spells: 13/18 levels left

rFire    + . .     SeeInvis .   a - +0 dagger (venom)
rCold    + . .     Gourm    .   j - +0 buckler
rNeg     . . .     Faith    .   w - +2 leather armour {rF+}
rPois    .         Spirit   .   l - +0 helmet
rElec    .         Reflect  +   (no cloak)
rCorr    .         Harm     .   k - +0 pair of gloves
MR       .....                  E - +0 pair of boots
Stlth    ++........             I - +5 amulet of reflection
HPRegen  0.21/turn              o - ring of protection from cold
MPRegen  0.15/turn              s - +5 ring of intelligence

@: about to teleport, gold aura
A: change form in water, swift swim, stealthy swim
a: Potion Petition, Call Merchant, Bribe Branch, Renounce Religion


You were on level 8 of the Dungeon.
You worshipped Gozag.
Gozag was pleased with you.
You were hungry.

You visited 2 branches of the dungeon, and saw 10 of its levels.

You collected 1362 gold pieces.
You spent 543 gold pieces at shops.
You paid 49 gold pieces to Gozag.

Inventory:

Hand Weapons
 a - a +0 dagger of venom (weapon)
   (You took it off a goblin on level 2 of the Dungeon)
 q - a +0 dagger of draining
   (You took it off a goblin on level 3 of the Dungeon)
 r - a +1 dagger of speed
   (You found it on level 3 of the Dungeon)
 v - a +0 antimagic short sword
   (You took it off a kobold on level 2 of the Dungeon)
 H - a +0 blowgun
   (You took it off a kobold on level 5 of the Dungeon)
Missiles
 x - 3 throwing nets (quivered) {!f}
 y - 7 curare-tipped needles {!f}
Armour
 f - a +0 leather armour of cold resistance
   (You took it off an orc on level 5 of the Dungeon)
 j - a +0 buckler (worn)
   (You took it off a goblin on level 2 of the Dungeon)
 k - a +0 pair of gloves (worn)
   (You found it on level 2 of the Dungeon)
 l - a +0 helmet (worn)
   (You took it off Robin on level 2 of the Dungeon)
 w - a +2 leather armour of fire resistance (worn)
   (You took it off an orc on level 4 of the Dungeon)
 E - a +0 pair of boots (worn)
   (You bought it in a shop on level 9 of the Dungeon)
Jewellery
 o - a ring of protection from cold (left hand)
   (You took it off a crimson imp on level 5 of the Dungeon)
 s - a +5 ring of intelligence (right hand)
   (You found it on level 3 of the Dungeon)
 I - a +5 amulet of reflection (around neck)
   (You found it on level 9 of the Dungeon)
Wands
 t - a wand of flame (22)
   (You took it off Natasha on level 2 of the Dungeon)
 u - a wand of paralysis (21)
   (You found it on level 7 of the Dungeon)
 F - a wand of clouds (7)
   (You bought it in a shop on level 6 of the Dungeon)
Scrolls
 i - 4 scrolls of fog
 m - a scroll of remove curse {@r2}
 p - 3 scrolls of teleportation {@r4}
 A - a scroll of immolation {!r}
 G - a scroll of magic mapping
Potions
 b - 3 potions of flight
 c - a potion of lignification {unknown}
 d - a potion of cancellation
 g - 5 potions of curing {@q1}
 h - 3 potions of brilliance
 n - a potion of mutation {!q}
 z - a potion of ambrosia {unknown}
 B - 2 potions of heal wounds {unknown}
 C - a potion of haste {@q3}
 D - a potion of berserk rage {unknown}
Comestibles
 e - 12 rations {!d}


   Skills:
 + Level 5.4 Fighting
 + Level 5.8 Short Blades
 - Level 1.0 Armour
 + Level 7.3 Dodging
 - Level 2.1 Stealth
 - Level 4.0 Shields
 + Level 5.1 Spellcasting
 + Level 7.2 Summonings


You had 13 spell levels left.
You knew the following spells:

 Your Spells              Type           Power        Failure   Level  Hunger
c - Call Canine Familiar  Summ           ####....     2%          3    ##.....
x - Call Imp              Summ           ####....     1%          2    None

Your spell library contained the following spells:

 Spells                   Type           Power        Failure   Level  Hunger
 Summon Small Mammal      Summ           ####         1%          1    None
 Summon Guardian Golem    Hex/Summ       ###.....     10%         3    ##.....
 Infusion                 Chrm           #...         16%         1    None
 Passwall                 Tmut/Erth      #.......     22%         2    None
 Summon Ice Beast         Ice/Summ       ###.....     32%         4    ####...
 Summon Lightning Spire   Summ/Air       ###.....     32%         4    ####...
 Shadow Creatures         Summ           N/A          75%         6    #######
 Bolt of Draining         Conj/Necr      #.........   99%         5    #####..
 Bolt of Magma            Conj/Fire/Erth #.........   99%         5    #####..
 Borgnjor's Vile Clutch   Necr/Erth      #.........   99%         5    #####..
 Lee's Rapid Deconstruct  Erth           #.........   99%         5    #####..
 Malign Gateway           Summ/Tloc      ###.......   100%        7    #######


Dungeon Overview and Level Annotations

Branches:
Dungeon (9/15)             Temple (1/1) D:7
   Lair: D:8-11         Orc: D:9-12

Altars:
Ashenzari
Cheibriados
Elyvilon
Fedhas
Gozag
Hepliaklqana
Kikubaaqudgha
Makhleb
Nemelex Xobeh
Okawaru
Qazlal
Ru
Sif Muna
Uskayaw
Vehumet
Wu Jian
Xom
Yredelemnul
Zin
The Shining One

Shops:
D:6 *   D:9 [

Annotations:
D:8 2 transporters, Harold


Message History

The stone hits the orc warrior.
The orc priest shouts!
The orc warrior throws a stone.
The stone hits you!
You see here a stone.
The orc warrior throws a stone.
The stone closely misses you.
There is an open door here.
You start resting.
The orc warrior is too close now for your liking.
You closely miss the orc warrior.
You hit the orc warrior but do no damage.
The orc warrior is poisoned.
You hit the orc warrior but do no damage.
The orc warrior looks as sick as possible!
You block the orc warrior's attack.
The orc priest casts a cantrip, but nothing happens.
You barely miss the orc priest. You hit the orc priest.
The orc priest is poisoned.
You block the orc warrior's attack. You block the orc priest's attack.
You hit the orc priest.
The orc priest looks even sicker.
The orc warrior hits you with a +0 mace.
The orc priest hits you but does no damage.
You hit the orc priest.
The orc priest looks as sick as possible!
You hit the orc priest but do no damage.
The orc priest looks as sick as possible!
The orc warrior closely misses you. The orc priest completely misses you.
You hit the orc priest.
You hit the orc priest but do no damage.
The orc priest looks as sick as possible!
You block the orc priest's attack. The orc warrior closely misses you.
You hit the orc priest but do no damage.
The orc priest looks as sick as possible!
The orc priest misses you.
The orc warrior hits you with a +0 mace!
* * * LOW HITPOINT WARNING * * *
You barely miss the orc priest.
You kill the orc priest!
You hit the orc warrior but do no damage.
The orc warrior hits you with a +0 mace!
* * * LOW HITPOINT WARNING * * *
You block the wight's attack.
Okay, then.
As you read the scroll of teleportation {@r4}, it crumbles to dust.
You feel strangely unstable. The orc warrior closely misses you.
Unknown command.
The orc warrior throws a stone.
The stone hits you!
* * * LOW HITPOINT WARNING * * *
The wight hits you with a +2 flail of venom.
You die...
Your body crumbles into a pile of gold.

####)..## #...# ##..[....##
#...# #.z #..<).....#### #.).#
##### #..
#.....#..##...###...###...###..
##....#.##.....##.z.##.....##..
#......#.......#zz.#.......#..
##......#..)...o$z..'.......#..
#......>#......z#.[)#.......#..
#.......##....@##.).##.....##..
##.#.....##...##.....##.[.##...
#####....######......#####....
#......#...##((#..##.......
#.....###......#..###......
##.....####...##..###......
#.....#.#.....#...###.....
#.............)....##.....
##.......o.........##....#


You could see an orc warrior and 5 wights.

Vanquished Creatures
  A two-headed ogre (D:8)
  An orc warrior (D:4)
  An ogre (D:7)
  A centaur (D:6)
  3 bullfrogs
  2 big kobolds
  A scorpion (D:5)
  2 crimson imps
  2 gnoll shamans
  2 centaur skeletons
  7 orc priests
  5 hounds
  Natasha (D:2)
  3 iguanas
  3 orc wizards
  4 worker ants
  Robin (D:2)
  A worker ant zombie (D:5)
  8 gnolls (D:6)
  5 adders
  3 shadow imps
  An ooze (D:4)
  An adder zombie (D:6)
  A worm (D:6)
  A dart slug (D:4)
  4 leopard geckos
  23 orcs
  3 ball pythons
  7 giant cockroaches
  12 goblins
  5 hobgoblins (D:2)
  7 jackals
  35 kobolds
  3 quokkas
  3 bats
  3 frilled lizards
  A jackal zombie (D:6)
  A leopard gecko skeleton (D:4)
  7 rats
  A spectral orc (D:4)
176 creatures vanquished.

Vanquished Creatures (collateral kills)
  A two-headed ogre (D:8)
  An ice beast (D:8)
  A scorpion (D:4)
  A crimson imp (D:5)
  A worker ant (D:8)
  Natasha (twice) (D:2)
  An orc wizard (D:8)
  5 gnolls
  2 adders (D:2)
  3 worms
  2 dart slugs (D:1)
  An orc (D:4)
  A giant cockroach (D:1)
  5 goblins
  3 hobgoblins
  3 jackals (D:1)
  A quokka (D:2)
  2 bats
  A frilled lizard (D:1)
  A jackal zombie (D:8)
  7 kobolds
  4 rats (D:2)
49 creatures vanquished.

Grand Total: 225 creatures vanquished

Notes
Turn   | Place    | Note
-------+----------+-------------------------------------------
     0 | D:1      | MalarOregon the Merfolk Summoner began the quest for the
                  | Orb.
     0 | D:1      | Reached XP level 1. HP: 13/13 MP: 3/3
   310 | D:1      | Reached XP level 2. HP: 19/19 MP: 3/5
   332 | D:1      | Learned a level 2 spell: Call Imp
  1111 | D:2      | Reached XP level 3. HP: 24/24 MP: 1/6
  1432 | D:2      | Reached skill level 1 in Short Blades
  1485 | D:2      | Noticed Robin
  1520 | D:2      | Killed Robin
  1520 | D:2      | Reached XP level 4. HP: 26/31 MP: 0/7
  1792 | D:2      | Reached skill level 1 in Fighting
  1846 | D:2      | Learned a level 3 spell: Call Canine Familiar
  2237 | D:2      | Noticed Natasha
  2247 | D:2      | Killed Natasha
  2247 | D:2      | Reached XP level 5. HP: 21/37 MP: 3/8
  2512 | D:2      | Noticed Natasha
  2533 | D:2      | Killed Natasha
  2746 | D:2      | Noticed Natasha
  2766 | D:2      | Killed Natasha
  2766 | D:2      | Reached skill level 1 in Shields
  2766 | D:2      | Reached skill level 5 in Summonings
  3421 | D:3      | Found an iron altar of Okawaru.
  3955 | D:3      | Found an ancient bone altar of Kikubaaqudgha.
  4110 | D:3      | Found an opulent altar of Gozag.
  4118 | D:3      | Became a worshipper of Gozag Ym Sagoz the Greedy
  4417 | D:4      | Identified Evimat Hues's Papyrus of Ghastly Creation
  4434 | D:4      | Reached XP level 6. HP: 37/44 MP: 10/10
  4635 | D:4      | Found a burning altar of Makhleb.
  4636 | D:4      | Found a glowing silver altar of Zin.
  4636 | D:4      | Noticed an angel
  4637 | D:4      | Noticed an Executioner
  4679 | D:4      | Found a hide-covered altar of Uskayaw.
  4679 | D:4      | Found a sacrificial altar of Ru.
  4694 | D:4      | Found a basalt altar of Yredelemnul.
  5286 | D:4      | Found a shimmering altar of Xom.
  5289 | D:4      | Found a shimmering altar of Xom.
  5290 | D:4      | Found a shimmering altar of Xom.
  5342 | D:5      | Entered Level 5 of the Dungeon
  5793 | D:5      | Noticed an orc warrior
  5813 | D:4      | Killed an orc warrior
  5813 | D:4      | Reached skill level 1 in Armour
  5813 | D:4      | Reached XP level 7. HP: 31/51 MP: 1/11
  6935 | D:5      | Reached skill level 5 in Dodging
  7640 | D:6      | Found a glowing silver altar of Zin.
  7732 | D:6      | HP: 1/52 [centaur/arrow (10)]
  8157 | D:6      | Reached XP level 8. HP: 58/58 MP: 13/13
  8795 | D:6      | Found Text's General Store.
  8811 | D:6      | Bought a scroll of identify for 24 gold pieces
  8811 | D:6      | Bought a ration for 60 gold pieces
  8811 | D:6      | Bought a wand of clouds (7) for 396 gold pieces
  9323 | D:7      | Found a staircase to the Ecumenical Temple.
  9335 | Temple   | Entered the Ecumenical Temple
 10141 | D:8      | Noticed a two-headed ogre
 10260 | D:8      | Killed a two-headed ogre
 10260 | D:8      | Reached XP level 9. HP: 66/66 MP: 4/15
 10346 | D:8      | Found a transporter.
 10375 | D:8      | Noticed a cyclops
 10377 | D:8      | Found a radiant altar of Vehumet.
 10387 | D:8      | Found a transporter.
 10393 | D:8      | Reached skill level 5 in Short Blades
 10402 | D:8      | Noticed Harold
 11124 | D:8      | Noticed a two-headed ogre
 11150 | D:8      | Killed a two-headed ogre
 11150 | D:8      | Reached skill level 5 in Fighting
 11150 | D:8      | Reached skill level 5 in Spellcasting
 11218 | D:9      | Found Recaz's Armour Shop.
 11224 | D:9      | Bought a +0 pair of boots for 63 gold pieces
 11233 | D:9      | Found a stormy altar of Qazlal.
 11377 | D:9      | Identified the Disquisition on Helpful Clay
 11493 | D:8      | HP: 3/68 [orc priest/divine providence (12)]
 11762 | D:8      | Slain by a wight

Skill      XL: |  1  2  3  4  5  6  7  8  9 |
---------------+----------------------------+-----
Dodging        | 3 4 5 6 7 |  7.3
Short Blades   | 1 2 3 4 5 |  5.8
Fighting       | 1 2 3 4 5 |  5.4
Shields        | 1 2 4 |  4.0
Summonings     | 5 6 7 |  7.2
Spellcasting   | 3 4 5 |  5.1
Armour         | 1 |  1.0
Stealth        | |  2.1

Action                   |  1- 3 |  4- 6 |  7- 9 || total
-------------------------+-------+-------+-------++-------
Melee: Unarmed           |    23 |       |       ||    23
       Short sword       |    20 |       |       ||    20
       Dagger            |    50 |   258 |   589 ||   897
 Cast: Summon Small Mamm |    10 |     1 |       ||    11
       Call Imp          |    15 |    29 |    36 ||    80
       Call Canine Famil |       |       |     1 ||     1
  Use: Scroll            |       |    13 |    12 ||    25
 Stab: Sleeping          |     6 |     3 |     5 ||    14
       Distracted        |       |     1 |     4 ||     5
  Eat: Chunk             |     3 |     9 |     3 ||    15
       Ration            |       |     2 |     5 ||     7
Armor: Robe              |    14 |     1 |       ||    15
       Ring mail         |       |    74 |     4 ||    78
       Leather armour    |       |       |    85 ||    85
       Scale mail        |       |       |    24 ||    24
Dodge: Dodged            |    70 |   126 |   289 ||   485
Block: Buckler           |     5 |    32 |   103 ||   140
       Reflection        |       |       |     3 ||     3
